 Dungeon Crawl Stone Soup version 0.25-a0-558-g78a2afb0af (webtiles) character file.

Game seed: 15362272312917312573, levelgen mode: deterministic

268 Dustman the Skirmisher (level 6, 0/49 HPs)
             Began as a Demonspawn Gladiator on Feb 24, 2020.
             Slain by an orc warrior
             ... wielding a cursed -3 glaive
              (15 damage)
             ... on level 6 of the Dungeon.
             The game lasted 00:22:41 (2170 turns).

Dustman the Skirmisher (Demonspawn Gladiator)       Turns: 2170, Time: 00:22:42

Health: 0/49       AC:  5    Str: 15    XL:     6   Next: 0%
Magic:  6/6        EV: 12    Int: 10    God:
Gold:   111        SH:  0    Dex: 15    Spells: 5/5 levels left

rFire    . . .     SeeInvis .   a - +0 quarterstaff
rCold    . . .     Gourm    .   (shield currently unavailable)
rNeg     . . .     Faith    .   h - +0 ring mail
rPois    .         Spirit   .   (helmet restricted)
rElec    .         Reflect  .   (no cloak)
rCorr    .         Harm     .   (no gloves)
MR       .....                  (no boots)
Stlth    +.........             (no amulet)
HPRegen  0.16/turn              (no ring)
MPRegen  0.10/turn              (no ring)

@: hasted, very quick
A: antennae 1, claws 1, talons 1, foul stench 1, rot immunity
a: no special abilities


You were on level 6 of the Dungeon.
You were not hungry.

You visited 1 branch of the dungeon, and saw 6 of its levels.

You collected 111 gold pieces.

Inventory:

Hand Weapons
 a - a +0 quarterstaff (weapon)
Missiles
 d - 3 throwing nets
 g - 23 poisoned darts (quivered)
 n - 8 boomerangs
Armour
 h - a +0 ring mail (worn)
Scrolls
 e - 4 scrolls of identify
 i - a scroll of fear {unknown}
 k - a scroll of teleportation {unknown}
 l - 2 scrolls of amnesia {unknown}
 m - a scroll of random uselessness {unknown}
 o - a scroll of fog {unknown}
Potions
 c - a potion of stabbing {unknown}
 j - a potion of curing
Comestibles
 f - 7 rations


   Skills:
 + Level 4.6 Fighting
 - Level 2.6 Staves
 - Level 1.7 Throwing
 - Level 3.2 Armour
 - Level 2.6 Dodging
 + Level 1.5 Stealth


You had 5 spell levels left.
You didn't know any spells.
Your spell library was empty.

Dungeon Overview and Level Annotations

Branches:
Dungeon (6/15)
 Temple: D:4-7

Altars:
Elyvilon
Okawaru

Shops:
D:6 [

Annotations:
D:2 Sigmund
D:4 Dowan
D:5 Edmund, Grinder


Innate Abilities, Weirdness & Mutations

You have a pair of small antennae on your head.
You have sharp fingernails.
You have sharp toenails.
You may emit foul miasma when damaged in melee.
You are immune to rotting.


Message History

The orc warrior looks even sicker.
The orc warrior misses you.
It was a potion of curing.
You feel better. The orc barely misses you.
The orc hits you but does no damage.
You hit the orc.
The orc is severely wounded.
The orc warrior barely misses you. The orc barely misses you.
The orc warrior is engulfed in dark miasma.
The orc warrior looks even sicker.
The orc warrior hits you with a cursed -3 glaive.
The orc closely misses you.
You barely miss the orc. You claw the orc.
You kill the orc!
The orc warrior hits you with a +0 short sword!
* * * LOW HITPOINT WARNING * * *
The orc warrior looks sick.
The orc barely misses you.
The orc warrior is engulfed in dark miasma.
The orc warrior looks as sick as possible!
The orc warrior hits you with a cursed -3 glaive!
You die...

###.# #.#
#.# #.# #.#
#>######
######.## .#
#.<.....
........o#
.# ########
#######..#
.# #.o# .#
#.o##.##
#..oo..##...
##.o@.....#
####..####
..... .#####
.. ##


You could see 2 orc warriors and 3 orcs.

Vanquished Creatures
  3 hounds
  An iguana (D:6)
  A worker ant (D:6)
  A gnoll (D:1)
  4 adders
  2 worms (D:3)
  2 dart slugs
  2 leopard geckos
  15 orcs
  4 bats
  2 giant cockroaches
  4 hobgoblins
  3 quokkas (D:3)
  4 frilled lizards
  7 goblins
  8 kobolds
  3 rats
66 creatures vanquished.

Notes
Turn   | Place    | Note
-------+----------+-------------------------------------------
     0 | D:1      | Dustman the Demonspawn Gladiator began the quest for the
                  | Orb.
     0 | D:1      | Reached XP level 1. HP: 16/16 MP: 1/1
   160 | D:1      | Found a white marble altar of Elyvilon.
   304 | D:1      | Reached skill level 1 in Armour
   304 | D:1      | Gained mutation: You are immune to rotting. [demonic
                  | ancestry]
   304 | D:1      | Reached XP level 2. HP: 19/23 MP: 2/2
   728 | D:2      | Gained mutation: You may emit foul miasma when damaged in
                  | melee. [demonic ancestry]
   728 | D:2      | Reached XP level 3. HP: 28/28 MP: 3/3
   735 | D:2      | Reached skill level 3 in Fighting
   904 | D:2      | Noticed Sigmund
  1341 | D:3      | Gained mutation: You have a pair of small antennae on your
                  | head. [demonic ancestry]
  1341 | D:3      | Reached XP level 4. HP: 24/35 MP: 4/4
  1455 | D:3      | Found an iron altar of Okawaru.
  1769 | D:4      | Gained mutation: You have sharp toenails. [demonic
                  | ancestry]
  1769 | D:4      | Reached XP level 5. HP: 42/42 MP: 5/5
  1806 | D:4      | Reached skill level 4 in Fighting
  1830 | D:4      | Noticed Dowan
  1837 | D:5      | Entered Level 5 of the Dungeon
  1837 | D:5      | Noticed Grinder
  1838 | D:5      | Noticed Edmund
  1908 | D:6      | Found Marodium's Antique Armour Shop.
  1988 | D:6      | Reached skill level 1 in Stealth
  2126 | D:6      | Gained mutation: You have sharp fingernails. [demonic
                  | ancestry]
  2126 | D:6      | Reached XP level 6. HP: 40/49 MP: 6/6
  2128 | D:6      | Noticed an orc warrior
  2163 | D:6      | Noticed an orc warrior
  2170 | D:6      | Slain by an orc warrior

Levels and vault maps discovered:
D:1:      minmay_arrival_three_doors, layout_basic, kennysheep_flooded_box,
          kennysheep_boxes
D:2:      layout_basic, first_ration, item_on_display_a, uniq_sigmund
D:3:      layout_rooms, okawaru_gym_becter
D:4:      layout_rooms, cheibrodos_sewer_entry_sluice,
          hangedman_abyss_or_decor_stagger, chequers_serial_rivers_micro_a,
          uniq_duvessa
D:5:      layout_cave_pods, serial_shops, shop, uniq_grinder, uniq_edmund
D:6:      layout_loops_ring, grunt_temple_overflow_open, serial_shops, shop,
          minmay_misc_feat_encased, minmay_misc_feat_rugged,
          kennysheep_generic_room_3

Skill      XL: |  1  2  3  4  5 |
---------------+----------------+-----
Armour         | 1 2 3 |  3.2
Fighting       | 3 4 |  4.6
Stealth        | 1 |  1.5
Staves         | |  2.6
Throwing       | |  1.7
Dodging        | |  2.6

Action                   |  1- 3 |  4- 6 || total
-------------------------+-------+-------++-------
Melee: Quarterstaff      |    93 |    98 ||   191
       Kick              |       |    14 ||    14
Throw: Dart              |     5 |    11 ||    16
  Use: Potion            |       |     2 ||     2
       Scroll            |       |     1 ||     1
  Eat: Chunk             |     1 |     2 ||     3
       Ration            |       |     1 ||     1
Armor: Leather armour    |     1 |       ||     1
       Ring mail         |    24 |    25 ||    49
Dodge: Dodged            |    48 |    62 ||   110

Table legend:
 A = Non-vault XP
 B = Vault XP
 C = Vault XP percentage of total XP
 D = Non-vault monster count
 E = Vault monster count
 F = Vault count percentage of total count
                 A         B        C        D         E       F
            +---------+---------+-------+---------+---------+-------
      Total |     383 |       0 |   0.0 |      66 |       0 |   0.0
            +---------+---------+-------+---------+---------+-------
        D:1 |      36 |       0 |   0.0 |      14 |       0 |   0.0
        D:2 |      32 |       0 |   0.0 |      10 |       0 |   0.0
        D:3 |      79 |       0 |   0.0 |      27 |       0 |   0.0
        D:4 |     119 |       0 |   0.0 |      10 |       0 |   0.0
        D:6 |     117 |       0 |   0.0 |       5 |       0 |   0.0
            +---------+---------+-------+---------+---------+-------
